Map: Eternal Empire LE

Players

ShoWTimE - Winner!

  • Race: Protoss Protoss
  • Spawn Location: 7:00

cure

  • Race: Terran Terran
  • Spawn Location: 1:00

Event: StayAtHomestory Cup #1

VOD

Have the link to the VOD?

Description

Time

  • Played on: April 10, 2020, 6:27 a.m.
  • Length: 12:08

All games in this series

Show
View Real Time Build Order
Export as new Build Order

ShoWTimE Protoss - Winner!

Build Orders: 1 Gate Expand, Blink Stalkers 

Get SALT Encoding   

  12  0:00  Probe  
  13  0:12  Probe  
  14  0:17  Pylon  
  14  0:24  Probe (Chrono Boost)  
  15  0:36  Probe (Chrono Boost), Gateway  
  16  0:44  Probe (Chrono Boost)  
  16  0:47  Assimilator  
  17  0:51  Probe  
  18  1:03  Probe  
  19  1:15  Probe  
  20  1:24  Cybernetics Core  
  20  1:32  Nexus  
  20  1:35  Probe  
  21  1:42  Pylon  
  21  1:48  Assimilator  
  21  1:49  Probe  
  22  1:58  Adept (Chrono Boost)  
  24  2:02  Probe, Warp Gate  
  25  2:14  Probe  
  26  2:18  Stalker (Chrono Boost)  
  28  2:26  Probe  
  29  2:38  Probe (Chrono Boost)  
  29  2:42  Stalker  
  31  2:47  Twilight Council  
  31  2:49  Probe (Chrono Boost)  
  33  2:56  Probe (Chrono Boost)  
  33  2:58  Probe (Chrono Boost)  
  34  3:03  Probe x2 (Chrono Boost)  
  36  3:06  Gateway  
  36  3:14  Probe  
  36  3:15  Probe, Blink (Chrono Boost)  
  38  3:26  Probe  
  39  3:27  Probe  
  40  3:38  Probe  
  40  3:39  Probe  
  42  3:44  Robotics Facility  
  42  3:50  Probe, Sentry  
  45  3:55  Nexus  
  45  4:02  Pylon  
  45  4:03  Probe  
  45  4:07  Phoenix  
  46  4:10  Pylon  
  46  4:12  Assimilator  
  46  4:20  Probe x2, Pylon  
  46  4:21  Stalker  
  50  4:28  Pylon  
  50  4:29  Stalker  
  52  4:32  Probe x2  
  52  4:33  Observer  
  53  4:44  Probe x2  
  55  4:51  Stalker  
  55  4:52  Stalker  
  57  4:56  Probe x2  
  58  5:03  Observer  
  58  5:08  Probe (Chrono Boost)  
  58  5:11  Probe (Chrono Boost)  
  58  5:12  Probe (Chrono Boost)  
  61  5:19  Probe (Chrono Boost)  
  61  5:20  Probe (Chrono Boost), Forge x2  
  62  5:23  Probe (Chrono Boost)  
  62  5:24  Probe (Chrono Boost)  
  62  5:25  Probe (Chrono Boost)  
  64  5:32  Charge  
  64  5:34  Assimilator  
  66  5:37  Probe x2 (Chrono Boost)  
  66  5:38  Assimilator  
  66  5:40  Probe (Chrono Boost)  
  67  5:45  Probe (Chrono Boost)  
  67  5:47  Probe (Chrono Boost)  
  67  5:48  Probe (Chrono Boost), Protoss Ground Weapons Level 1 (Chrono Boost), Protoss Ground Armor Level 1 (Chrono Boost)  
  70  5:51  Gateway x2  
  70  5:52  Probe  
  70  5:56  Probe  
  72  5:59  Probe  
  72  6:01  Phoenix  
  72  6:02  Templar Archives  
  72  6:04  Probe  
  74  6:09  Probe  
  74  6:10  Gateway  
  74  6:11  Probe  
  76  6:13  Gateway  
  76  6:16  Probe, Assimilator  
  77  6:18  Immortal  
  77  6:21  Probe  
  77  6:25  Sentry  
  84  6:28  Psionic Storm  
  84  6:30  Probe x2  
  84  6:31  Pylon  
  86  6:36  Gateway  
  86  6:38  Gateway  
  86  6:45  High Templar  
  88  6:50  Pylon  
  88  6:51  Observer  
  88  6:58  Immortal  
  88  7:00  High Templar  
  94  7:06  Phoenix, Pylon  
  94  7:08  Pylon  
  94  7:10  Probe x2, Pylon  
  94  7:15  High Templar  
  98  7:16  Zealot x3  
  98  7:20  Gateway x2, High Templar  
  98  7:22  Pylon  
  106  7:30  High Templar  
  106  7:36  Warp Prism, Zealot x5  
  106  7:37  Pylon  
  118  7:41  Pylon  
  120  7:44  Protoss Ground Armor Level 2 (Chrono Boost)  
  120  7:46  Pylon  
  120  7:53  Protoss Ground Weapons Level 2 (Chrono Boost)  
  120  8:01  Nexus  
  120  8:03  Pylon  
  120  8:04  High Templar x2  
  124  8:09  Zealot x3  
  114  8:24  Zealot x5  
  120  8:30  Archon  
  120  8:33  Zealot x3  
  126  8:37  Zealot x2  
  126  8:40  Probe x2  
  126  8:41  Probe  
  119  8:52  Probe, Archon  
  108  8:57  High Templar x2  
  108  8:58  High Templar, Sentry  
  108  8:59  Sentry, Zealot x5  
  108  9:01  Probe x2  
  130  9:04  Probe  
  131  9:13  Probe x3  
  131  9:17  Probe  
  135  9:21  Pylon  
  135  9:22  High Templar x4  
  135  9:23  Zealot x3  
  149  9:25  Probe  
  149  9:27  Archon x2  
  149  9:30  Zealot x3  
  156  9:44  Nexus  
  156  9:45  Stalker x3  
  162  9:53  Zealot x3  
  162  9:55  Zealot x3  
  162  9:57  Zealot  
  174  10:04  Robotics Bay  
  174  10:05  Robotics Facility  
  174  10:06  Pylon  
  160  10:14  Archon  
  160  10:18  Immortal (Chrono Boost)  
  144  10:23  Zealot x10  
  154  10:44  Gateway  
  154  10:46  Gateway, High Templar x3  
  154  10:49  Photon Cannon, Warp Prism (Chrono Boost)  
  160  10:52  Photon Cannon  
  162  11:01  Stalker x5  
  162  11:02  Unknown  
  162  11:04  Zealot  
  174  11:08  High Templar  
  176  11:32  Stalker x3  
  180  11:33  Zealot x6  
  182  11:58  Zealot x9  
  182  12:04  Zealot  
Show
View Real Time Build Order
Export as new Build Order

cure Terran 

Build Orders: Reaper Expand 

Get SALT Encoding   

  12  0:00  SCV  
  13  0:13  SCV  
  14  0:17  Supply Depot  
  14  0:25  SCV  
  15  0:38  SCV  
  15  0:39  Barracks  
  16  0:43  Refinery  
  16  0:50  SCV  
  17  1:03  SCV  
  18  1:15  SCV  
  19  1:26  Reaper  
  19  1:27  Orbital Command  
  20  1:43  Command Center  
  20  1:49  Supply Depot  
  20  1:53  SCV  
  21  1:58  Marine  
  22  2:06  SCV  
  23  2:10  Factory  
  23  2:15  Refinery  
  23  2:18  SCV  
  23  2:21  Barracks Reactor  
  24  2:30  SCV  
  25  2:42  SCV  
  26  2:54  SCV, Starport  
  26  2:55  Hellion  
  26  2:56  Orbital Command  
  29  2:59  Marine x2  
  31  3:06  SCV  
  32  3:16  Marine  
  32  3:17  Marine  
  32  3:18  SCV, Widow Mine  
  37  3:22  SCV  
  38  3:34  Marine x2  
  38  3:38  SCV  
  38  3:39  SCV, Medivac  
  38  3:41  Widow Mine  
  43  3:50  Supply Depot x2  
  43  3:51  SCV x2  
  45  4:04  SCV  
  45  4:09  Factory Tech Lab  
  46  4:10  Starport Tech Lab  
  46  4:11  Marine, SCV  
  46  4:12  Command Center  
  48  4:17  SCV  
  48  4:23  SCV  
  50  4:29  Raven, Supply Depot, Siege Tank  
  50  4:30  SCV  
  56  4:35  SCV, Marine x2  
  59  4:43  Supply Depot  
  59  4:45  SCV  
  58  4:47  SCV  
  59  4:55  Marine x2  
  59  4:57  SCV  
  59  4:59  SCV  
  61  5:00  Barracks  
  61  5:01  Barracks  
  61  5:05  Siege Tank  
  61  5:07  Refinery  
  61  5:08  Refinery  
  61  5:09  SCV  
  61  5:12  SCV  
  62  5:15  Marine x2  
  59  5:21  SCV  
  59  5:24  SCV  
  59  5:27  Engineering Bay x2  
  61  5:28  Orbital Command  
  61  5:33  Marine x2, SCV  
  64  5:36  SCV  
  64  5:37  Starport Reactor  
  65  5:45  SCV  
  65  5:48  SCV  
  66  5:54  Marine x2  
  66  5:55  Terran Infantry Weapons Level 1, Terran Infantry Armor Level 1  
  68  5:58  SCV x2  
  68  5:59  Factory Reactor  
  68  6:00  SCV  
  68  6:02  Supply Depot  
  68  6:03  Stimpack, Marauder x2  
  75  6:07  Supply Depot  
  75  6:10  SCV  
  75  6:11  SCV  
  76  6:12  SCV  
  76  6:17  Barracks  
  77  6:19  Combat Shield, Supply Depot, Barracks  
  77  6:22  SCV  
  77  6:23  SCV  
  77  6:24  SCV  
  80  6:27  Marine, Marauder x2  
  80  6:28  Marine  
  80  6:30  Supply Depot  
  86  6:34  SCV  
  86  6:38  SCV x2  
  89  6:40  Missile Turret  
  89  6:41  Medivac x2  
  89  6:44  Widow Mine  
  89  6:45  Widow Mine  
  89  6:46  SCV  
  98  6:53  SCV x2  
  100  6:58  SCV  
  100  6:59  Refinery  
  100  7:00  Missile Turret, Refinery  
  100  7:01  Supply Depot, Marauder x2  
  105  7:02  Supply Depot  
  105  7:03  Marine x2  
  105  7:07  Armory  
  107  7:09  SCV x2  
  107  7:10  SCV, Missile Turret  
  107  7:12  Medivac  
  107  7:13  Medivac  
  107  7:15  Barracks Reactor, Barracks Tech Lab  
  114  7:21  SCV x2  
  114  7:22  SCV  
  117  7:25  Supply Depot x2  
  117  7:29  Marauder x2  
  121  7:31  Marine x2, Widow Mine x2  
  121  7:34  Concussive Shells, Marauder  
  132  7:49  Supply Depot  
  132  7:50  Supply Depot  
  132  7:54  Command Center  
  132  7:55  Marine x2, Marauder x3  
  132  7:56  Marine x2  
  139  8:01  Medivac, Widow Mine x2  
  139  8:04  Medivac  
  138  8:23  Marine x4  
  138  8:24  Widow Mine x2, Marauder x3, Terran Infantry Weapons Level 2, Terran Infantry Armor Level 2  
  145  8:27  Ghost Academy  
  128  8:41  Medivac x2  
  129  8:51  Marine x4, Marauder x3  
  134  8:58  Enhanced Shockwaves  
  134  9:00  Widow Mine x2  
  136  9:03  SCV x3  
  139  9:11  Ghost x2  
  139  9:12  Marine x4  
  139  9:15  SCV x2  
  139  9:16  SCV  
  146  9:26  Barracks, Viking  
  146  9:27  Starport, Barracks x2, Viking, Ghost  
  146  9:31  SCV x3  
  155  9:44  Refinery  
  155  9:45  Missile Turret  
  155  9:46  Sensor Tower  
  155  9:47  Refinery  
  155  9:48  SCV x3  
  155  9:49  Planetary Fortress  
  158  9:56  Ghost  
  158  9:58  Marine x4  
  164  10:04  Viking x2  
  168  10:07  Viking  
  153  10:15  Marine x4, Marauder  
  153  10:16  Marine x2  
  153  10:17  Marine x2  
  130  10:26  Marauder  
  98  10:33  Marine x4, Marauder  
  104  10:37  Medivac x2  
  104  10:38  Medivac, Ghost  
  104  10:40  Marine x3  
  115  10:45  Command Center  
  115  10:47  Marine  
  116  10:50  Medivac  
  116  10:54  Ghost  
  120  11:00  Barracks Tech Lab x2  
  120  11:02  Marine  
  120  11:03  Marine x3  
  120  11:04  Barracks Reactor, Ghost  
  124  11:11  Ghost  
  126  11:17  Medivac  
  130  11:23  Marine x4, Marauder x3  
  140  11:33  Ghost  
  142  11:40  Marine x2, Marauder  
  142  11:41  Marine  
  142  11:44  Supply Depot x2, Marauder x2  
  142  11:45  Supply Depot x2  
  147  11:48  Marine x2  
  147  11:49  Marine  
Tags
 
Add a new tag
Caveats
  • Supply blocks, unpowered buildings, or Contaminate may cause inaccurate times.
  • Supply counts are checked every 10 seconds.